 Seeded DCSS version 0.29-a0-520-gc852659d43 (webtiles) character file.

Game seed: 9552341793505258686 (custom seed)

426195 zeratav the Warrior (level 23, -3/228 HPs)
             Began as an Octopode Earth Elementalist on May 31, 2022.
             Was a High Priest of Ashenzari.
             Slain by a deep troll (14 damage)
             ... led by an ironbound preserver
             ... on level 4 of the Vaults.
             The game lasted 02:32:43 (54132 turns).

zeratav the Warrior (Octopode Earth Elementalist)  Turns: 54132, Time: 02:32:43

Health: -3/228     AC: 33    Str: 21    XL:     23   Next: 81%
Magic:  34/45      EV: 20    Int: 36    God:    Ashenzari [*****.]
Gold:   4985       SH: 30    Dex: 13    Spells: 8/40 levels left

rFire   + + +      SeeInvis +     - Unarmed
rCold   + + .      Faith    .   d - +6 tower shield of Ashenzari's Paranoia {rC+ rF+, Melee, Elem} (curse)
rNeg    + + .      Spirit   .   E - +1 hat "Cursed Malaise" {Will+, Elem, Alch} (curse)
rPois   ∞          Reflect  +   t - amulet of reflection
rElec   +          Harm     .   n - ring of the Ensconced Oracle {Wiz, Alch, Elem} (curse)
rCorr   +          Rampage  .   F - ring of resist corrosion
Will    +++..      Clarity  +   y - ring "Soothsayer of Ashenzari" {Str+6, Alch, Melee} (curse)
Stlth   +++++.....              J - ring of Toth-Mos's Legacy {Will+, Self, Cun} (curse)
HPRegen 1.28/turn               K - ring "Shackled Lifelessness" {Int+6, Melee, Cun} (curse)
MPRegen 0.29/turn               f - ring of the Prescient Planets {rF+++ rC+ MP+9 Int-2 Slay+6, Cun, Melee} (curse)
                                T - ring "Restrained Together" {Int+6, Elem, Cun} (curse)
                                W - ring of the Ruined God {Fly rN+ Str+6 Stlth+, Melee, Elem} (curse)

@: statue-form, flying, studying Stealth, very slow
A: slow and powerful, torment resistance 1, boosted hp, almost no armour,
amphibious, 8 rings, camouflage 1, (gelatinous body 1), (nimble swimmer 1),
tentacles, regeneration 1, no potion heal 1
}: 2/15 runes: decaying, serpentine
a: End Transformation, Renounce Religion, Curse Item, Shatter the Chains


You were on level 4 of the Vaults.
You worshipped Ashenzari.
Ashenzari was extremely pleased with you.
You were a living statue of rough stone.
You visited 8 branches of the dungeon, and saw 40 of its levels.
You visited 1 bazaar.
You also visited: Trove, Ossuary, Gauntlet and Ice Cave.

You collected 7756 gold pieces.
You spent 2771 gold pieces at shops.


Innate Abilities, Weirdness & Mutations

You are a living statue of rough stone.
Your actions are slow, but your melee attacks are powerful.
You are resistant to unholy torment.
Your maximum health is greatly increased.
You are immune to poison.
You cannot wear most types of armour.
You are amphibious.
You can wear up to eight rings at the same time.
Your skin changes colour to match your surroundings (Stealth+).
((Your rubbery body absorbs attacks. (AC +1, EV +1)))
((You are camouflaged when in or above water. (Stealth+)))
You have tentacles for arms and can constrict up to eight enemies at once.
Your natural rate of healing is unusually fast.
Potions are less effective at restoring your health.


   Skills:
 - Level 17.8(20.0) Fighting
 - Level 14.5(20.0) Dodging
 - Level 2.6(6.8) Stealth
 + Level 17.3 Shields
 - Level 12.3(18.7) Unarmed Combat
 - Level 7.0(9.3) Spellcasting
 - Level 15.0 Translocations
 - Level 17.2(21.5) Transmutations
 - Level 16.2(22.5) Earth Magic


You had 8 spell levels left.
You knew the following spells:

 Your Spells              Type           Power      Damage    Failure   Level
a - Irradiate             Conj/Tmut      38%        3d26      1%          5
b - Blink                 Tloc           100%       N/A       0%          2
c - Lee's Rapid Deconstr  Erth           54%        3d26*     0%          5
d - Statue Form           Tmut/Erth      72%        N/A       1%          6
h - Manifold Assault      Tloc           90%        N/A       1%          5
s - Shatter               Erth           54%        3d41*     26%         9

Your spell library contained the following spells:

 Spells                   Type           Power      Damage    Failure   Level
 Apportation              Tloc           100%       N/A       0%          1
 Beastly Appendage        Tmut           100%       N/A       0%          1
 Sandblast                Erth           100%       2d20      0%          1
 Passwall                 Tmut/Erth      90%        N/A       0%          2
 Wereblood                Tmut           100%       N/A       0%          2
 Petrify                  Tmut/Erth      100%       N/A       0%          4
 Gell's Gravitas          Tloc           90%        N/A       1%          3
 Lesser Beckoning         Tloc           90%        N/A       1%          3
 Portal Projectile        Hex/Tloc       100%       N/A       1%          3
 Spider Form              Tmut/Pois      77%        N/A       1%          3
 Stone Arrow              Conj/Erth      100%       3d13      1%          3
 Teleport Other           Tloc           90%        N/A       1%          3
 Ice Form                 Ice/Tmut       78%        N/A       1%          4
 Leda's Liquefaction      Hex/Erth       39%        N/A       1%          4
 Passage of Golubria      Tloc           90%        N/A       1%          4
 Blade Hands              Tmut           53%        N/A       1%          5
 Yara's Violent Unravell  Hex/Tmut       38%        3d15      1%          5
 Dispersal                Tloc           45%        N/A       1%          6
 Dragon Form              Tmut           53%        N/A       1%          7
 Foxfire                  Conj/Fire      80%        2x1d8     2%          1
 Magic Dart               Conj           64%        1d6       2%          1
 Necrotize                Necr           64%        1d7       2%          1
 Slow                     Hex            64%        N/A       2%          1
 Summon Small Mammal      Summ           64%        N/A       2%          1
 Ensorcelled Hibernation  Hex/Ice        40%        N/A       3%          2
 Static Discharge         Conj/Air       20%        N/A       3%          2
 Summon Forest            Summ/Tloc      31%        N/A       3%          5
 Call Imp                 Summ           16%        N/A       4%          2
 Searing Ray              Conj           32%        2d5       4%          2
 Sublimation of Blood     Necr           16%        N/A       4%          2
 Iron Shot                Conj/Erth      39%        9d8       4%          6
 Ozocubu's Armour         Ice            24%        N/A       6%          3
 Conjure Flame            Conj/Fire      20%        6-21      7%          3
 Inner Flame              Hex/Fire       20%        N/A       7%          3
 Mephitic Cloud           Conj/Pois/Air  20%        N/A       7%          3
 Call Canine Familiar     Summ           16%        N/A       9%          3
 Confusing Touch          Hex            16%        N/A       9%          3
 Dazzling Flash           Conj/Hex       32%        N/A       9%          3
 Tukima's Dance           Hex            16%        N/A       9%          3
 Vampiric Draining        Necr           16%        2d7       9%          3
 Corpse Rot               Necr/Pois/Air  20%        N/A       22%         4
 Flame Wave               Conj/Fire      20%        2d7       22%         4
 Hailstorm                Conj/Ice       20%        3d6       22%         4
 Sticky Flame             Conj/Fire      20%        2d4       22%         4
 Summon Ice Beast         Ice/Summ       20%        N/A       22%         4
 Anguish                  Hex/Necr       8%         N/A       26%         4
 Dispel Undead            Necr           16%        3d10      26%         4
 Fulminant Prism          Conj/Hex       8%         3d7       26%         4
 Disjunction              Tloc           45%        N/A       34%         8
 Freezing Cloud           Conj/Ice/Air   10%        6-21      47%         5
 Metabolic Englaciation   Hex/Ice        10%        N/A       50%         5
 Silence                  Hex/Air        10%        N/A       50%         5
 Iskenderun's Battlesphe  Conj           16%        2d7       56%         5
 Lehudib's Crystal Spear  Conj/Erth      39%        10d10     85%         8
 Necromutation            Tmut/Necr      38%        N/A       89%         8
 Simulacrum               Ice/Necr       10%        N/A       96%         6
 Starburst                Conj/Fire      10%        6d5       96%         6
 Death Channel            Necr           8%         N/A       98%         6
 Enfeeble                 Hex            8%         N/A       100%        7
 Monstrous Menagerie      Summ           8%         N/A       100%        7
 Ozocubu's Refrigeration  Ice            12%        4d7       100%        7
 Spellforged Servitor     Conj/Summ      8%         N/A       100%        7
 Summon Hydra             Summ           8%         N/A       100%        7
 Borgnjor's Revivificati  Necr           8%         N/A       100%        8
 Chain Lightning          Conj/Air       10%        3d13      100%        9
 Death's Door             Necr           8%         N/A       100%        9
 Dragon's Call            Summ           8%         N/A       100%        9
 Fire Storm               Conj/Fire      10%        8d3       100%        9
 Animate Armour           Summ/Erth      Unusable   N/A       N/A         4

Inventory:

Armour
 d - the cursed +6 tower shield of Ashenzari's Paranoia (worn) {rC+ rF+, Melee, Elem}
   (You acquired it in a bazaar)

   It has a curse which improves the following skills: Melee Combat: Short
   Blades, Long Blades, Axes, Maces & Flails, Polearms, Staves and Unarmed
   Combat.
   Elements:  Fire Magic, Ice Magic, Air Magic and Earth Magic.
 E - the cursed +1 hat "Cursed Malaise" (worn) {Will+, Elem, Alch}
   (You took it off Gastronok on level 8 of the Dungeon)

   It has a curse which improves the following skills: Elements: Fire Magic, Ice
   Magic, Air Magic and Earth Magic.
   Alchemy:   Poison Magic and Transmutations.
Jewellery
 f - the cursed ring of the Prescient Planets (on tentacle) {rF+++ rC+ MP+9 Int-2 Slay+6, Cun, Melee}
   (You bought it in a shop on level 1 of the Snake Pit)

   [ring of magical power]

   Int:       It affects your intelligence (-2).
   Slay:      It affects your accuracy & damage with ranged weapons and melee
   (+6).
   rF:        It renders you almost immune to fire.
   rC:        It protects you from cold.
   MP:        It affects your magic capacity (+9).
   It has a curse which improves the following skills: Cunning: Dodging and
   Stealth.
   Melee Combat: Short Blades, Long Blades, Axes, Maces & Flails, Polearms,
   Staves and Unarmed Combat.
 k - a ring of protection from cold
   (You took it off an ironbound preserver on level 2 of the Vaults)
 n - the cursed ring of the Ensconced Oracle (left tentacle) {Wiz, Alch, Elem}
   (You found it on level 3 of the Dungeon)

   [ring of wizardry]

   It improves your spell success rate.
   It has a curse which improves the following skills: Alchemy: Poison Magic and
   Transmutations.
   Elements:  Fire Magic, Ice Magic, Air Magic and Earth Magic.
 s - a +4 ring of protection
   (You took it off a vault sentinel on level 1 of the Vaults)
 t - an amulet of reflection (around mantle)
   (You found it on level 4 of the Dungeon)
 x - a ring of protection from cold
   (You found it on level 13 of the Dungeon)
 y - the cursed ring "Soothsayer of Ashenzari" (on tentacle) {Str+6, Alch, Melee}
   (You took it off an orc on level 5 of the Dungeon)

   [ring of strength]

   Str:       It affects your strength (+6).
   It has a curse which improves the following skills: Alchemy: Poison Magic and
   Transmutations.
   Melee Combat: Short Blades, Long Blades, Axes, Maces & Flails, Polearms,
   Staves and Unarmed Combat.
 A - a +4 ring of evasion
   (You took it off a yaktaur captain on level 1 of the Vaults)
 D - a ring of positive energy
   (You took it off a deep elf zephyrmancer on level 3 of the Elven Halls)
 F - a ring of resist corrosion (right tentacle)
   (You found it in a Gauntlet)
 J - the cursed ring of Toth-Mos's Legacy (on tentacle) {Will+, Self, Cun}
   (You found it on level 7 of the Dungeon)

   [ring of willpower]

   Will:      It increases your willpower.
   It has a curse which improves the following skills: Introspection: Fighting
   and Spellcasting.
   Cunning:   Dodging and Stealth.
 K - the cursed ring "Shackled Lifelessness" (on tentacle) {Int+6, Melee, Cun}
   (You took it off an orc wizard on level 8 of the Dungeon)

   [ring of intelligence]

   Int:       It affects your intelligence (+6).
   It has a curse which improves the following skills: Melee Combat: Short
   Blades, Long Blades, Axes, Maces & Flails, Polearms, Staves and Unarmed
   Combat.
   Cunning:   Dodging and Stealth.
 T - the cursed ring "Restrained Together" (on tentacle) {Int+6, Elem, Cun}
   (You found it on level 4 of the Lair of Beasts)

   [ring of intelligence]

   Int:       It affects your intelligence (+6).
   It has a curse which improves the following skills: Elements: Fire Magic, Ice
   Magic, Air Magic and Earth Magic.
   Cunning:   Dodging and Stealth.
 W - the cursed ring of the Ruined God (on tentacle) {Fly rN+ Str+6 Stlth+, Melee, Elem}
   (You found it on level 6 of the Lair of Beasts)

   [ring of strength]

   Str:       It affects your strength (+6).
   rN:        It protects you from negative energy.
   Fly:       It grants you flight.
   Stlth:     It makes you more stealthy.
   It has a curse which improves the following skills: Melee Combat: Short
   Blades, Long Blades, Axes, Maces & Flails, Polearms, Staves and Unarmed
   Combat.
   Elements:  Fire Magic, Ice Magic, Air Magic and Earth Magic.
Wands
 a - a wand of paralysis (2)
   (You found it in a Gauntlet)
 z - a wand of mindburst (3)
   (You found it on level 3 of the Vaults)
 Q - a wand of acid (7)
   (You found it on level 3 of the Swamp)
 R - a wand of charming (13)
   (You found it on level 3 of the Swamp)
 U - a wand of digging (15)
   (You found it on level 6 of the Lair of Beasts)
 Y - a wand of polymorph (3)
   (You found it on level 3 of the Vaults)
Scrolls
 c - 4 scrolls of amnesia
 e - 18 scrolls of teleportation {@r4}
 g - 5 scrolls of blinking {!r}
 i - 4 scrolls of fear
 j - 8 scrolls of fog
 l - 10 scrolls of vulnerability {!r!r}
 m - 8 scrolls of immolation {!r!r}
 p - 2 scrolls of enchant armour
 v - 6 scrolls of poison {!r}
 w - 2 scrolls of silence {!r}
 O - 8 scrolls of magic mapping {!r}
Potions
 b - 7 potions of magic
 h - 27 potions of curing {@q1}
 o - 8 potions of cancellation
 q - 6 potions of brilliance
 u - 5 potions of might
 B - 8 potions of lignification {!q}
 C - 8 potions of attraction {!q}
 L - 9 potions of ambrosia
 M - 2 potions of heal wounds {@q2}
 N - a potion of resistance
 P - 10 potions of mutation {!q}
 V - 3 potions of haste {@q3}
 X - 3 potions of berserk rage {!q}
Miscellaneous
 G - a condenser vane
   (You found it in an ice cave)
 H - a tin of tremorstones (2/2) {throwing}
   (You found it on level 3 of the Elven Halls)
 I - a box of beasts
   (You found it on level 1 of the Lair of Beasts)
 S - a phantom mirror
   (You found it on level 3 of the Lair of Beasts)

Dungeon Overview and Level Annotations

Branches:
Dungeon (15/15)            Temple (1/1) D:6            Lair (6/6) D:10
  Swamp (4/4) Lair:2        Snake (4/4) Lair:2        Slime (0/5) Lair:6
    Orc (2/2) D:12            Elf (3/3) Orc:2        Vaults (5/5) D:14
  Crypt (0/3) Vaults:2     Depths (0/4) D:15        Ossuary (visited)
  IceCv (visited)         Gauntlet (visited)

Altars:
Ashenzari
Cheibriados
Dithmenos
Elyvilon
Fedhas
Gozag
Hepliaklqana
Kikubaaqudgha
Makhleb
Nemelex Xobeh
Okawaru
Qazlal
Ru
Sif Muna
Trog
Uskayaw
Vehumet
Wu Jian
Xom
Yredelemnul
Zin
The Shining One
Beogh
Jiyva

Shops:
D:5 *   D:9 :   Orc:1 *   Orc:2 =*?[   Snake:1 =:=   Snake:2 :   Vaults:3 !

Annotations:
D:6 1 runed translucent door, turdburglar's ghost, novice DsGl
Lair:6 1 runed translucent door
Elf:1 2 transporters, Kieschye's ghost, adept GrBe

#......########.............
#......#......#.............
#......#......#....########.
#......#......#....#......#.
#......#......#....'......#.
#......#......#....#......'.
#......#......#....#...>..#.
#......#..THp.#....#......#.
#......#..T8T.#....#......#.
#......#..pTT.'....#......#.
#......#......#....########.
#......#......#.............
#......########.............
#...........................
#..................########.
#..................#......#.
#..................#......#.


You could see an ironbound preserver, a sphinx (strong), 5 deep trolls and an
ironbound convoker (sheltered).


Message History

The deep troll bites you but does no damage.
The deep troll completely misses you. x2; The deep troll bites you!
The deep troll claws you but does no damage.
The deep troll barely misses you.
A shadow dragon comes into view.
A yaktaur comes into view. It is carrying a wand of digging (7).
A vault warden comes into view.
It is wielding a +0 broad axe and wearing a +1 buckler of protection.
The sphinx hits you!!
* * * LOW HITPOINT WARNING * * *
You block the sphinx's attack. x2; The deep troll completely misses you.
The deep troll claws you but does no damage.
The deep troll completely misses you. x2
The deep troll claws you but does no damage.
You block the deep troll's attack. The deep troll bites you.
* * * LOW HITPOINT WARNING * * *
The deep troll completely misses you. The deep troll misses you.
The deep troll bites you but does no damage.
The deep troll claws you but does no damage.
The deep troll claws you!
* * * LOW HITPOINT WARNING * * *
The deep troll closely misses you.
The deep troll claws you but does no damage.
The deep troll closely misses you.
The shadow dragon moves out of view.
HP[-53]
You take 53 damage, and now have 94/228 hp.
MASSIVE DAMAGE!! (PAUSE)
The sphinx casts a spell.
Something smites you!
* * * LOW HITPOINT WARNING * * *
You block the sphinx's attack. The sphinx misses you.
You block the sphinx's attack. The ironbound preserver misses you.
You block the deep troll's attack. The deep troll claws you!
* * * LOW HITPOINT WARNING * * *
The deep troll completely misses you.
You block the ironbound convoker's attack.
The deep troll bites you!
* * * LOW HITPOINT WARNING * * *
The deep troll claws you but does no damage.
The deep troll closely misses you. You block the deep troll's attack.
The deep troll completely misses you.
The deep troll claws you but does no damage.
The lich mumbles some strange words.
The lich seems to speed up.
The deep troll bites you!!
* * * LOW HITPOINT WARNING * * *
The deep troll claws you but does no damage.
The deep troll closely misses you. The deep troll barely misses you. x2
The deep troll completely misses you.
The vault sentinel blows a loud note on a signal horn!
The sphinx hits you but does no damage. The sphinx barely misses you.
The sphinx misses you.
You fly upwards.
There is a stone staircase leading down, spattered with blood here.
HP[-46] MP[+1]
You take 46 damage, and now have 48/228 hp.
MASSIVE DAMAGE!! (PAUSE)
You batter the sphinx!! You squeeze the sphinx!
You block the deep troll's attack. The deep troll claws you!
* * * LOW HITPOINT WARNING * * *
You block the deep troll's attack. The deep troll completely misses you.
You block the deep troll's attack. The deep troll claws you.
* * * LOW HITPOINT WARNING * * *
You block the deep troll's attack. x2; The deep troll barely misses you.
You block the deep troll's attack. The deep troll claws you.
* * * LOW HITPOINT WARNING * * *
The deep troll claws you!
* * * LOW HITPOINT WARNING * * *
The ironbound convoker hits you but does no damage.
You block the ironbound preserver's attack.
The deep troll closely misses you. The deep troll barely misses you.
The deep troll misses you. The sphinx barely misses you.
The sphinx hits you but does no damage. x2
HP[-22]
You take 22 damage, and now have 26/228 hp.
You batter the sphinx!! You squeeze the sphinx!
You block the deep troll's attack.
The deep troll claws you but does no damage.
You block the deep troll's attack. x2; The deep troll closely misses you.
The deep troll barely misses you. The deep troll misses you. x2
You block the deep troll's attack. The deep troll misses you.
The deep troll completely misses you. You block the deep troll's attack.
The ironbound convoker hits you but does no damage.
The deep troll bites you but does no damage.
The deep troll closely misses you.
The deep troll claws you but does no damage.
The ironbound preserver casts a spell.
The ironbound preserver is healed somewhat.
The sphinx hits you but does no damage. x2; The sphinx closely misses you.
You block the deep troll's attack. The deep troll claws you!
* * * LOW HITPOINT WARNING * * *
The deep troll claws you but does no damage.
You block the deep troll's attack. The deep troll barely misses you.
The deep troll claws you but does no damage.
The deep troll closely misses you.
The deep troll claws you but does no damage.
The deep troll barely misses you.
The ironbound preserver completely misses you.
The ironbound convoker closely misses you.
The deep troll bites you!
You die...

Skill      XL: |  1  2  3  4  5  6  7  8  9 10 11 12 13 14 15 16 17 18 19 20 21 22 23 |
---------------+----------------------------------------------------------------------+-----
Earth Magic    | 4 5 6 7 9 10 13 15 16 | 16.2
Spellcasting   | 3 4 6 7 |  7.0
Unarmed Combat | 3 9 12 | 12.3
Transmutations | 6 10 11 12 15 17 | 17.2
Fighting       | 4 9 13 15 16 17 | 17.8
Shields        | 5 10 13 14 15 17 | 17.3
Dodging        | 6 9 11 12 14 | 14.5
Translocations | 10 15 | 15.0
Stealth        | |  2.6

Action                   |  1- 3 |  4- 6 |  7- 9 | 10-12 | 13-15 | 16-18 | 19-21 | 22-24 || total
-------------------------+-------+-------+-------+-------+-------+-------+-------+-------++-------
Melee: Short sword       |    42 |       |       |       |       |       |       |       ||    42
       Tentacles         |    13 |    12 |    10 |    99 |   181 |   166 |   137 |   119 ||   737
       Constrict         |     9 |    12 |    11 |    40 |    79 |    99 |   111 |    63 ||   424
       Dagger            |     4 |    43 |    13 |       |       |       |       |       ||    60
       Punch             |       |       |     2 |    14 |    53 |    65 |    72 |    63 ||   269
       Unarmed           |       |       |    31 |   359 |   632 |   634 |   525 |   459 ||  2640
 Cast: Sandblast         |    12 |    34 |   136 |       |     1 |       |       |       ||   183
       Stone Arrow       |       |       |    20 |       |       |       |       |       ||    20
       Statue Form       |       |       |     5 |    44 |    86 |   121 |   109 |    61 ||   426
       Lee's Rapid Decon |       |       |       |    28 |     9 |     1 |     8 |       ||    46
       Irradiate         |       |       |       |       |    10 |     7 |     4 |     5 ||    26
       Manifold Assault  |       |       |       |       |       |       |    12 |    45 ||    57
       Shatter           |       |       |       |       |       |       |     2 |     5 ||     7
Invok: Curse Item        |       |       |     1 |     2 |     3 |     2 |     3 |       ||    11
       Shatter the Chain |       |       |       |       |       |     1 |       |     1 ||     2
 Abil: End Transformatio |       |       |       |       |       |     1 |       |       ||     1
Evoke: Wand              |       |       |       |       |       |     1 |       |       ||     1
  Use: Scroll            |       |       |     9 |     1 |     4 |    10 |    12 |     6 ||    42
       Potion            |       |       |       |     1 |     3 |     3 |     2 |       ||     9
 Stab: Sleeping          |    10 |     4 |     1 |     5 |    24 |    25 |    18 |     8 ||    95
       Distracted        |       |       |       |     1 |       |     2 |       |     2 ||     5
       Petrified         |       |       |       |       |       |       |     1 |       ||     1
Armor: Skin              |     4 |     4 |    47 |   340 |   460 |   386 |   237 |   254 ||  1732
Dodge: Dodged            |    26 |    22 |    86 |   258 |   597 |   429 |   302 |   347 ||  2067
Block: Other             |       |       |    41 |   128 |    53 |       |       |       ||   222
       Reflection        |       |       |     3 |     2 |    52 |   139 |    89 |    52 ||   337
       Buckler           |       |       |       |       |   502 |       |       |       ||   502
       Kite shield       |       |       |       |       |    35 |   107 |       |       ||   142
       Tower shield      |       |       |       |       |       |   981 |   880 |   726 ||  2587

Levels and vault maps discovered:
D:1:      co_arrival_random_square_maze, layout_loops_ring, chequers_big_river
D:2:      layout_loops_cross, uniq_sigmund, uniq_jessica
D:3:      layout_basic, grunt_temple_overflow_open,
          ebering_ecumenical_altar_mist, chequers_serial_rivers_large_b,
          lexackson_kobold_supper
D:4:      layout_basic
D:5:      layout_rooms, mainiacjoe_overflow_alcove_1,
          nicolae_wu_jian_wuxing_cycle, serial_aquarium, aquarium_bridge_square
          [aquarium_subvault_window, aquarium_subvault_wall,
          aquarium_subvault_bridge, aquarium_subvault_wall],
          aquarium_window_fake, aquarium_window_corner, aquarium_view_2c,
          aquarium_view_2e, aquarium_pool_five, grunt_ministairs_9,
          minmay_shop_mass, minmay_misc_feat_room, kennysheep_generic_room_4,
          uniq_menkaure
D:6:      layout_loops_ring, chei_slow_surprise,
          minmay_temple_entry_enclosed_plants, ebering_ghost_sewer_d,
          chequers_avenue, lemuel_old_faithful, uniq_maggie
D:7:      layout_loops_corners, mainiacjoe_overflow_24_doors
D:8:      layout_loops_ring, gammafunk_temple_overflow_wave,
          lightli_ossuary_entry_decrepit_ruins, minivault_4, uniq_gastronok,
          uniq_maurice
D:9:      layout_basic, serial_shops, nicolae_shop_behind_doors,
          hellmonk_guarded_unrand_lears
D:10:     layout_rooms, lair_entry_dummy, kennysheep_generic_room_10
D:11:     layout_loops_ring
D:12:     dragon1_lemuel, layout_basic, orc_0_dummy, amethyst_killhole,
          small_statue_intersection, david_greed
D:13:     layout_loops_ring
D:14:     layout_loops_ring, david_vaults_1, gauntlet_entry_generic,
          good_gods_mini_temple, david_defended_altar_orc
D:15:     grunt_enter_depths_hoard, layout_stronghold, dreamdust_wishing_well
Temple:   jpeg_temple_island
Lair:1:   minmay_guarded_unrand_snakebite, layout_concentric_octagons,
          portal_ice_cave_rime, infiniplex_staircase_pool_2, grunt_megastairs_5,
          uniq_erica
Lair:2:   layout_gridlike, minmay_swamp_entry_reptiles,
          minmay_snake_entry_six_corridors, gammafunk_ghost_ooze
Lair:3:   cheibrodos_lair_overgrown_chateau, layout_misc_corridors,
          serial_bayou_pond_e, nicolae_lair_run_with_the_wolves
Lair:4:   layout_concentric_octagons, lemuel_centaur_altar
Lair:5:   layout_gridlike, uniq_sonja, uniq_nessos
Lair:6:   grunt_lair_end_beastmaster, layout_gridlike, slime_altar_2,
          st_stairs_4, grunt_megastairs_3
Swamp:1:  layout_basic_swamp, nicolae_swamp_little_tower, swamp_pool4
Swamp:2:  layout_basic_swamp, nicolae_swamp_triple_paths,
          nicolae_swamp_frolicking_bunyips, uniq_frances
Swamp:3:  layout_falls_marsh, nicolae_swamp_bean_lake
Swamp:4:  swamp_basic_johnstein, layout_basic_swamp, swamp_pool5,
          nicolae_swamp_round_clearing
Snake:1:  layout_rooms, dpeg_stationary_puzzle, minmay_shop_grove,
          serial_bayou_shore_a, uniq_donald, uniq_mlioglotl, uniq_aizul
Snake:2:  layout_onion_interference, abandoned_shop, nicolae_shop_self_help
Snake:3:  layout_rooms, serial_shops, statue_bzr
Snake:4:  minmay_snake_end_coiled, layout_chambers, corexii_hall_statues_x
Orc:1:    layout_diamond_mine, serial_shops, nicolae_lakefront_shop
Orc:2:    st_orc_rangers, layout_diamond_mine, uniq_jorgrun, uniq_erolcha
Elf:1:    nicolae_elf_arrival_fired_up, layout_gridlike, gammafunk_ghost_arena,
          serial_aquarium, aquarium_bridge_square [aquarium_subvault_balcony,
          aquarium_subvault_balcony, aquarium_subvault_bridge,
          aquarium_subvault_bridge], aquarium_window_2, aquarium_window_3,
          aquarium_window_fake, aquarium_window_1, aquarium_view_2d,
          aquarium_balcony_double_3, aquarium_pool_1, orc_legates, uniq_louise
Elf:2:    elven_hall_of_blades_hangedman_original [mumra_blade_entry_dagger],
          layout_onion_city
Elf:3:    minmay_elf_hall_furrowed, layout_gridlike
Vaults:1: nicolae_vaults_theta, nicolae_vaults_three_branches, st_spiral_rooms,
          v_misc_28, hangedman_vaults_cutoff, dpeg_vaults_monster_row,
          ontoclasm_vaults_fault, ontoclasm_vaults_spin,
          grunt_vaults_hallway_short, v_pattern_5, v_misc_25,
          layout_vaults_omnicross, uniq_saint_roka
Vaults:2: vaults_mumra_chevron, serial_ice_h, hangedman_vaults_impose,
          hangedman_vaults_stagger, v_misc_14, minmay_crypt_entry_simple_plaza,
          ontoclasm_vaults_fire_temple, nicolae_vaults_network_star,
          ontoclasm_vaults_bender, vaults_room_hallway, vaults_room_pool,
          v_rooms_5, nicolae_vaults_ring_of_whatevers, ontoclasm_vaults_chip,
          vaults_dpeg_hooks, layout_vaults_ring, enter_trove_3, uniq_frederick
Vaults:3: v_alt_pattern_6, ontoclasm_vaults_gallery,
          hangedman_vaults_corner_blocks, nicolae_vaults_little_squares_4,
          vaults_dpeg_ring, hangedman_vaults_slice, layout_vaults_omnigrid,
          serial_shops, shop
Vaults:4: nicolae_vaults_back_hallway, nicolae_vaults_network_quinsquares
          [nicolae_vaults_network_quincunx_subvault,
          nicolae_vaults_network_quincunx_subvault,
          nicolae_vaults_network_quincunx_subvault,
          nicolae_vaults_network_quincunx_subvault],
          nicolae_vaults_branching_niches, grunt_vaults_hallway_short,
          v_alt_pattern_6, ontoclasm_vaults_ring_square,
          layout_vaults_chaotic_city
Vaults:5: serial_shops, uniq_margery

Notes
Turn   | Place    | Note
-------+----------+-------------------------------------------
     0 | D:1      | zeratav the Octopode Earth Elementalist began the quest for
                  | the Orb.
     0 | D:1      | Reached XP level 1. HP: 11/11 MP: 3/3
     0 | D:1      | magus.rc [v1.9.6]
   507 | D:1      | Reached XP level 2. HP: 17/17 MP: 5/5
  1084 | D:1      | Reached XP level 3. HP: 21/21 MP: 6/6
  1550 | D:2      | Reached skill level 4 in Earth Magic
  1716 | D:2      | Noticed Jessica
  1733 | D:2      | Killed Jessica
  1734 | D:2      | Reached XP level 4. HP: 15/27 MP: 4/8
  1909 | D:2      | Noticed Sigmund
  1914 | D:2      | Killed Sigmund
  1915 | D:2      | Reached skill level 3 in Spellcasting
  1915 | D:2      | Reached skill level 5 in Earth Magic
  1915 | D:2      | Reached XP level 5. HP: 21/31 MP: 3/10
  1915 | D:2      | Reached XP level 6. HP: 24/36 MP: 3/11
  2298 | D:3      | Learned a level 3 spell: Stone Arrow
  2419 | D:3      | Found a bloodstained altar of Trog.
  2420 | D:3      | Found a hide-covered altar of Uskayaw.
  2423 | D:3      | Found a glowing golden altar of the Shining One.
  2427 | D:3      | Found a stormy altar of Qazlal.
  2446 | D:3      | Found a basalt altar of Yredelemnul.
  2448 | D:3      | Found a radiant altar of Vehumet.
  2448 | D:3      | Found a shimmering altar of Xom.
  2655 | D:3      | Found a faded altar of an unknown god.
  3410 | D:4      | Reached skill level 6 in Earth Magic
  3646 | D:4      | You pick up a book of Power and begin reading...
  3646 | D:4      | You add the spells Iskenderun's Battlesphere, Iron Shot and
                  | Spellforged Servitor to your library.
  3920 | D:5      | Entered Level 5 of the Dungeon
  3949 | D:5      | Reached skill level 4 in Spellcasting
  3975 | D:5      | Found Vosuot's Mass Market.
  3981 | D:5      | Reached XP level 7. HP: 40/41 MP: 6/13
  4090 | D:5      | Bought a +2 tower shield for 231 gold pieces
  4093 | D:5      | Noticed Menkaure
  4099 | D:5      | Killed Menkaure
  4100 | D:5      | Reached skill level 7 in Earth Magic
  4158 | D:5      | Found a blossoming altar of Fedhas.
  4529 | D:5      | Reached XP level 8. HP: 46/46 MP: 8/15
  4590 | D:5      | Reached skill level 5 in Spellcasting
  4594 | D:5      | Reached skill level 8 in Earth Magic
  4645 | D:5      | Found an ornate altar of the Wu Jian Council.
  4982 | D:6      | Found a staircase to the Ecumenical Temple.
  4989 | Temple   | Entered the Ecumenical Temple
  5011 | Temple   | Became a worshipper of Ashenzari the Shackled
  5331 | D:6      | Reached skill level 9 in Earth Magic
  5481 | D:6      | Noticed Maggie
  5487 | D:6      | HP: 9/46 [Maggie/+2 war axe of flaming (5)]
  5490 | D:6      | Killed Maggie
  5491 | D:6      | Reached skill level 6 in Spellcasting
  5491 | D:6      | Reached XP level 9. HP: 11/51 MP: 7/18
  5765 | D:6      | Found a snail-covered altar of Cheibriados.
  5897 | D:6      | Reached skill level 10 in Earth Magic
  6049 | D:6      | Found a runed translucent door.
  6228 | D:6      | Noticed turdburglar's ghost (novice DsGl)
  6508 | D:7      | Identified the +2 hunting sling "Fout" {flame, *Corrode
                  | Str+3 Int+4 Stlth+}
  6524 | D:7      | You fall into a shaft and drop 1 floor!
  6630 | D:8      | Reached skill level 7 in Spellcasting
  6632 | D:8      | Reached skill level 1 in Unarmed Combat
  6636 | D:8      | Reached skill level 2 in Unarmed Combat
  6702 | D:8      | Noticed Gastronok
  6741 | D:8      | Found a sand-covered staircase.
  6753 | Ossuary  | Entered an ossuary
  7169 | D:8      | HP: 6/51 [orc warrior/+0 mace (16)]
  7178 | D:8      | HP: 4/51 [kobold/+0 club (2)]
  7510 | D:7      | Found a glowing silver altar of Zin.
  7634 | D:7      | Reached skill level 3 in Unarmed Combat
  7719 | D:7      | Reached skill level 2 in Transmutations
  7914 | D:7      | Reached skill level 3 in Transmutations
  8168 | D:7      | Reached skill level 4 in Transmutations
  8346 | D:7      | You pick up a book of the Earth and begin reading...
  8346 | D:7      | You add the spells Leda's Liquefaction, Lee's Rapid
                  | Deconstruction and Statue Form to your library.
  8521 | D:7      | You pick up a book of Conjurations {@e2} and begin
                  | reading...
  8521 | D:7      | You add the spells Magic Dart, Searing Ray and Fulminant
                  | Prism to your library.
  8548 | D:7      | Learned a level 5 spell: Lee's Rapid Deconstruction
  8555 | D:7      | Learned a level 6 spell: Statue Form
  8804 | D:8      | Gained mutation: You are partially covered in iridescent
                  | scales. (AC +2) [mutagenic glow]
  8805 | D:8      | Reached skill level 5 in Transmutations
  9171 | D:8      | Reached skill level 6 in Transmutations
  9171 | D:8      | Reached XP level 10. HP: 56/56 MP: 13/20
  9298 | D:8      | Noticed Maurice
  9300 | D:8      | Killed Maurice
  9301 | D:8      | Reached skill level 7 in Transmutations
  9473 | D:8      | Found a shadowy altar of Dithmenos.
  9473 | D:8      | Found a sacrificial altar of Ru.
  9656 | D:9      | Identified the +10 great sword "Guaxuruz" {venom, rF+}
  9665 | D:9      | Found Iblussuwk's Book Shoppe.
  9774 | D:9      | Reached skill level 8 in Transmutations
  9790 | D:9      | Reached skill level 9 in Transmutations
  9952 | D:9      | Identified the +0 kite shield of Words of Power {rN+ Str-4
                  | Stlth+}
 10061 | D:9      | Reached skill level 10 in Transmutations
 10197 | D:9      | Noticed a tengu warrior
 10207 | D:9      | Killed a tengu warrior
 10208 | D:9      | Reached skill level 3 in Fighting
 10317 | D:9      | Found the +18 Lear's hauberk
 10355 | D:9      | Reached * piety under Ashenzari
 10366 | D:9      | Identified the -2 chain mail "Buci" {+Inv rF- Dex+4}
 10482 | D:9      | Identified the +0 spear of Forced Transition {freeze, rPois
                  | rF+ Stlth-}
 10728 | D:10     | Entered Level 10 of the Dungeon
 10735 | D:10     | Reached skill level 4 in Fighting
 10735 | D:10     | Reached XP level 11. HP: 71/71 MP: 16/22
 10808 | D:10     | Reached skill level 5 in Fighting
 11015 | D:10     | Found a staircase to the Lair.
 11109 | D:10     | You pick up a book of Iron and begin reading...
 11498 | D:11     | Reached skill level 6 in Fighting
 11503 | D:11     | Reached skill level 7 in Fighting
 11641 | D:11     | Reached skill level 8 in Fighting
 11719 | D:11     | Noticed a boulder beetle
 11758 | D:11     | Killed a boulder beetle
 11759 | D:11     | Reached skill level 9 in Fighting
 12021 | D:11     | You pick up a book of Dreams and begin reading...
 12021 | D:11     | You add the spells Ensorcelled Hibernation, Spider Form and
                  | Anguish to your library.
 12022 | D:11     | Noticed a boulder beetle
 12042 | D:11     | Reached skill level 1 in Shields
 12051 | D:11     | Killed a boulder beetle
 12052 | D:11     | Reached skill level 3 in Shields
 12371 | D:11     | Reached skill level 4 in Shields
 12532 | D:12     | Noticed a cyclops
 12543 | D:12     | Killed a cyclops
 12878 | D:12     | Noticed a cyclops
 12904 | D:12     | Killed a cyclops
 12905 | D:12     | Reached skill level 5 in Shields
 12905 | D:12     | Reached XP level 12. HP: 87/87 MP: 21/23
 12959 | D:12     | Reached skill level 6 in Shields
 13082 | D:12     | Found a staircase to the Orcish Mines.
 13179 | D:12     | Noticed a fire dragon
 13780 | D:8      | Killed Gastronok
 13781 | D:8      | Reached skill level 7 in Shields
 14101 | Lair:1   | Entered Level 1 of the Lair of Beasts
 14168 | Lair:1   | You pick up a book of Alchemy and begin reading...
 14168 | Lair:1   | You add the spells Sublimation of Blood and Irradiate to
                  | your library.
 14172 | Lair:1   | Reached skill level 8 in Shields
 14175 | Lair:1   | Found a frozen archway.
 14191 | IceCv    | Entered an ice cave
 14502 | IceCv    | Identified the +0 robe of Lauxoub {rPois rF- Dex-5
                  | Archmagi}
 14502 | IceCv    | Identified a +2 crystal plate armour of cold resistance
 14509 | IceCv    | Reached skill level 9 in Shields
 14774 | IceCv    | Found a viscous altar of Jiyva.
 14774 | IceCv    | Noticed an azure jelly
 14778 | IceCv    | Noticed a quicksilver ooze
 14782 | IceCv    | Killed an azure jelly
 14783 | IceCv    | Reached skill level 10 in Shields
 14783 | IceCv    | Reached skill level 3 in Dodging
 14785 | IceCv    | HP: 27/113 [quicksilver ooze (10)]
 14786 | IceCv    | Killed a quicksilver ooze
 14787 | IceCv    | Reached skill level 4 in Dodging
 15058 | IceCv    | Identified Tirghiag's Handbook of Cold
 15059 | IceCv    | Identified the Volume of Snow
 15059 | IceCv    | Identified the amulet "Lurelog" {Acrobat rCorr}
 15067 | IceCv    | You add the spells Summon Ice Beast, Freezing Cloud and
                  | Ozocubu's Refrigeration to your library.
 15072 | IceCv    | You add the spells Ice Form and Metabolic Englaciation to
                  | your library.
 15290 | Lair:1   | Reached skill level 5 in Dodging
 15373 | Lair:1   | You pick up a book of Cantrips and begin reading...
 15373 | Lair:1   | You add the spells Necrotize, Summon Small Mammal and
                  | Apportation to your library.
 15382 | Lair:1   | Noticed Erica
 15389 | Lair:1   | Killed Erica
 15781 | Lair:1   | Reached skill level 6 in Dodging
 15869 | Lair:1   | Reached XP level 13. HP: 92/92 MP: 24/24
 16096 | Lair:1   | Found the +8 whip "Snakebite" {venom, curare, rPois}
 16194 | Lair:1   | Reached skill level 7 in Dodging
 16620 | Lair:2   | Reached skill level 8 in Dodging
 16875 | Lair:2   | Found a staircase to the Snake Pit.
 16926 | Lair:2   | Found a staircase to the Swamp.
 17120 | Lair:2   | Reached skill level 9 in Dodging
 17455 | Lair:2   | Reached skill level 4 in Unarmed Combat
 17762 | Lair:2   | Found a runed translucent gate.
 17762 | Lair:2   | Found a runed translucent gate.
 17763 | Lair:2   | Found a runed translucent gate.
 17765 | Lair:2   | Noticed Taurus's ghost (novice MiFi)
 17772 | Lair:2   | Found a viscous altar of Jiyva.
 17982 | Lair:2   | Killed Taurus's ghost
 17983 | Lair:2   | Reached skill level 5 in Unarmed Combat
 18066 | Lair:3   | Reached ** piety under Ashenzari
 18569 | Lair:3   | Reached skill level 6 in Unarmed Combat
 18592 | Lair:3   | Learned a level 5 spell: Irradiate
 19016 | Lair:3   | Reached skill level 7 in Unarmed Combat
 19136 | Lair:3   | Reached skill level 8 in Unarmed Combat
 20429 | Lair:4   | You pick up a book of Debilitation and begin reading...
 20429 | Lair:4   | You add the spells Slow, Vampiric Draining and Confusing
                  | Touch to your library.
 20438 | Lair:4   | Found a burning altar of Makhleb.
 20659 | Lair:5   | Reached skill level 9 in Unarmed Combat
 20662 | Lair:5   | Reached XP level 14. HP: 99/99 MP: 26/26
 20830 | Lair:5   | Noticed Nessos
 20838 | Lair:5   | Killed Nessos
 20994 | Lair:5   | You pick up a book of Decay and begin reading...
 20994 | Lair:5   | You add the spells Corpse Rot, Dispel Undead and Death
                  | Channel to your library.
 21064 | Lair:5   | Noticed Sonja
 21080 | Lair:5   | Killed Sonja
 21176 | Lair:5   | You pick up a book of Flames and begin reading...
 21176 | Lair:5   | You add the spells Foxfire, Conjure Flame, Inner Flame and
                  | Flame Wave to your library.
 21527 | Lair:6   | Entered Level 6 of the Lair of Beasts
 21554 | Lair:6   | Reached skill level 11 in Earth Magic
 21564 | Lair:6   | Found a runed translucent door.
 21571 | Lair:6   | Found a viscous altar of Jiyva.
 21572 | Lair:6   | Noticed an acid blob
 21573 | Lair:6   | Found a staircase to the Slime Pits.
 21573 | Lair:6   | Noticed an acid blob
 22054 | Lair:6   | Reached skill level 12 in Earth Magic
 22101 | Lair:6   | HP: 25/128 [death yak (8)]
 22105 | Lair:6   | HP: 9/128 [death yak (12)]
 22111 | Lair:6   | Reached skill level 13 in Earth Magic
 22404 | Lair:6   | Identified the ring "Hucal" {Fly rN+ Str+6 Stlth+}
 22602 | Lair:6   | Reached *** piety under Ashenzari
 23007 | Lair:6   | Noticed an acid blob
 23116 | Swamp:1  | Entered Level 1 of the Swamp
 23129 | Swamp:1  | Reached skill level 11 in Transmutations
 23428 | Swamp:1  | Noticed an eleionoma
 23435 | Swamp:1  | Killed an eleionoma
 23436 | Swamp:1  | Reached XP level 15. HP: 105/105 MP: 27/27
 23443 | Swamp:1  | HP: 25/136 [spriggan druid/angry trees (14)]
 23766 | Snake:1  | Entered Level 1 of the Snake Pit
 23792 | Snake:1  | Reached skill level 12 in Transmutations
 23816 | Snake:1  | Noticed Mlioglotl
 23996 | Snake:1  | Noticed Aizul
 24010 | Snake:1  | Killed Aizul
 24019 | Snake:1  | Killed Mlioglotl
 24151 | Snake:1  | Found Jas Wapn's Jewellery Shop.
 24152 | Snake:1  | Found Upoxehul's Book Shoppe.
 24169 | Snake:1  | Found Pukel's Jewellery Shop.
 24279 | Snake:1  | Noticed Donald
 24294 | Snake:1  | Killed Donald
 24500 | Snake:1  | Noticed a nagaraja
 24511 | Snake:1  | Killed a nagaraja
 24753 | Snake:1  | Reached skill level 11 in Shields
 24998 | Snake:2  | Found Unnoakhu's Self-Improvement Boutique.
 25001 | Snake:2  | Identified a scroll of acquirement
 25033 | Snake:2  | Acquired 1081 gold pieces
 25085 | Snake:1  | Bought the ring "Hixzore" {rF+++ rC+ MP+9 Int-2 Slay+6} for
                  | 1440 gold pieces
 25651 | Snake:2  | Reached skill level 12 in Shields
 25662 | Snake:2  | Noticed a nagaraja
 25673 | Snake:2  | HP: 25/136 [naga warrior/+1 flail of protection (24)]
 25673 | Snake:2  | HP: 8/136 [naga warrior/+1 flail of protection (17)]
 25964 | Snake:2  | Killed a nagaraja
 26124 | Snake:2  | Noticed a nagaraja
 26133 | Snake:2  | Killed a nagaraja
 26169 | Snake:2  | Reached skill level 13 in Shields
 26665 | Snake:3  | Found a gateway to a bazaar.
 26697 | Snake:3  | Reached XP level 16. HP: 113/113 MP: 28/28
 26872 | Snake:3  | Reached skill level 10 in Fighting
 27260 | Snake:4  | Entered Level 4 of the Snake Pit
 27343 | Snake:4  | Reached skill level 11 in Fighting
 27490 | Snake:4  | Noticed a nagaraja
 27511 | Snake:4  | HP: 33/152 [nagaraja/poison arrow (9)]
 27517 | Snake:4  | Killed a nagaraja
 27518 | Snake:4  | Reached skill level 12 in Fighting
 28220 | Snake:4  | Noticed a nagaraja
 28230 | Snake:4  | Killed a nagaraja
 28262 | Snake:4  | Noticed a nagaraja
 28277 | Snake:4  | Killed a nagaraja
 28285 | Snake:4  | Reached skill level 13 in Fighting
 28517 | Snake:4  | Noticed a nagaraja
 28525 | Snake:4  | Killed a nagaraja
 28525 | Snake:4  | Noticed a nagaraja
 28533 | Snake:4  | Killed a nagaraja
 28547 | Snake:4  | Noticed a nagaraja
 28572 | Snake:4  | Killed a nagaraja
 28614 | Snake:4  | Noticed a nagaraja
 28623 | Snake:4  | Killed a nagaraja
 28637 | Snake:4  | Noticed a nagaraja
 28647 | Snake:4  | Killed a nagaraja
 28660 | Snake:4  | Got a serpentine rune of Zot
 28950 | Snake:4  | Reached skill level 14 in Shields
 29440 | Orc:1    | Entered Level 1 of the Orcish Mines
 29770 | Orc:1    | Found Pinafey's General Store.
 29954 | Orc:2    | Entered Level 2 of the Orcish Mines
 30180 | Orc:2    | Found Soifaati's Magic Scroll Emporium.
 30180 | Orc:2    | Found Yqeach's General Store.
 30195 | Orc:2    | Found Zeusog's Jewellery Shop.
 30205 | Orc:2    | Found Istroym's Armour Shoppe.
 30381 | Orc:2    | Identified a +2 robe of the Archmagi
 30381 | Orc:2    | Noticed Erolcha
 30391 | Orc:2    | Killed Erolcha
 30542 | Orc:2    | Found a staircase to the Elven Halls.
 30550 | Orc:2    | Reached XP level 17. HP: 127/127 MP: 29/29
 30573 | Orc:2    | Noticed Jorgrun
 30588 | Orc:2    | Killed Jorgrun
 31399 | Orc:1    | Reached **** piety under Ashenzari
 31859 | Bazaar   | Entered a bazaar
 31863 | Bazaar   | Found Yzalu's Antique Weapon Emporium.
 31874 | Bazaar   | Found Ronerph's Antique Armour Shop.
 31882 | Bazaar   | Found Wuneup's Jewellery Shop.
 31893 | Bazaar   | Found Ehantov's Magic Scroll Emporium.
 31904 | Bazaar   | Found Pyirerob's General Store.
 31912 | Bazaar   | Bought a scroll of acquirement for 780 gold pieces
 31937 | Bazaar   | Bought a glowing hat for 238 gold pieces
 31957 | Bazaar   | Bought a scroll of enchant armour for 82 gold pieces
 32072 | Swamp:1  | HP: 28/166 [swamp worm[a spriggan druid] (17)]
 32430 | Swamp:1  | Reached skill level 15 in Shields
 32435 | Swamp:1  | HP: 40/166 [spriggan rider/+4 spear of venom[a spriggan
                  | druid] (6)]
 32436 | Swamp:1  | HP: 16/166 [swamp worm[a spriggan druid] (16)]
 32989 | Swamp:1  | Reached skill level 10 in Dodging
 33413 | Swamp:2  | Reached skill level 11 in Dodging
 33702 | Swamp:2  | Noticed Frances
 33709 | Swamp:2  | Killed Frances
 33710 | Swamp:2  | Reached skill level 13 in Transmutations
 34668 | Swamp:4  | Entered Level 4 of the Swamp
 34680 | Swamp:4  | Reached skill level 14 in Transmutations
 34794 | Swamp:4  | You pick up a book of Flames and begin reading...
 35027 | Swamp:4  | HP: 30/166 [seven-headed hydra (12)]
 35029 | Swamp:4  | HP: 14/166 [bog body/bolt of cold (6)]
 35031 | Swamp:4  | Reached skill level 15 in Transmutations
 35475 | Swamp:4  | Reached XP level 18. HP: 103/135 MP: 31/31
 35485 | Swamp:4  | Got a decaying rune of Zot
 35898 | Swamp:4  | Reached skill level 16 in Transmutations
 36619 | Elf:1    | Entered Level 1 of the Elven Halls
 36619 | Elf:1    | Noticed Louise
 36626 | Elf:1    | Killed Louise
 36918 | Elf:1    | Reached skill level 17 in Transmutations
 37221 | Elf:1    | Found a transporter.
 37222 | Elf:1    | Noticed Kieschye's ghost (adept GrBe)
 37272 | Elf:1    | Found a transporter.
 37433 | Elf:1    | Found a runed translucent gate.
 37478 | Elf:1    | Noticed a Hell Sentinel
 37511 | Elf:1    | HP: 42/175 [deep elf archer/arrow (6)]
 37518 | Elf:1    | HP: 41/175 [orc/+0 mace (2)]
 37828 | Elf:1    | Noticed a Tzitzimitl
 37832 | Elf:1    | Reached skill level 14 in Earth Magic
 37835 | Elf:1    | Found a runed translucent gate.
 37835 | Elf:1    | Found a runed translucent gate.
 37835 | Elf:1    | Found a runed translucent gate.
 37835 | Elf:1    | Found a runed translucent gate.
 37837 | Elf:1    | Found a runed translucent gate.
 38423 | Elf:2    | Paralysed by an air elemental for 1 turns
 38573 | Elf:2    | Reached skill level 15 in Earth Magic
 38672 | Elf:2    | Reached XP level 19. HP: 141/141 MP: 32/32
 38887 | Elf:2    | Found a runed translucent gate.
 38887 | Elf:2    | Found a runed translucent gate.
 38889 | Elf:2    | Found a runed translucent gate.
 39056 | Elf:2    | Z - a +1 double sword of distortion {!wlongrare=g}
 39095 | Elf:2    | Reached skill level 16 in Earth Magic
 39227 | Elf:2    | Reached skill level 10 in Unarmed Combat
 39612 | Elf:3    | Entered Level 3 of the Elven Halls
 39752 | Elf:3    | Reached skill level 11 in Unarmed Combat
 40126 | Elf:3    | You pick up a book of Minor Magic and begin reading...
 40126 | Elf:3    | You add the spells Call Imp and Mephitic Cloud to your
                  | library.
 40158 | Elf:3    | Identified the +5 dagger "Adoxuticw" {flame, rC+ Int+5
                  | Dex-3}
 40295 | Elf:3    | Reached skill level 12 in Unarmed Combat
 40301 | Elf:3    | HP: 17/183 [deep elf sorcerer/damnation (43)]
 40783 | Elf:3    | Gained mutation: Your spells are a little easier to cast,
                  | but a little less powerful. [a neqoxec]
 40784 | Elf:3    | Gained mutation: Potions are less effective at restoring
                  | your health. [a neqoxec]
 40794 | Elf:3    | Reached skill level 14 in Fighting
 40841 | Elf:3    | HP: 22/184 [deep elf sorcerer/damnation (42)]
 40848 | Elf:3    | Identified the +12 plate armour "Laff" {Regen+ Dex+3}
 40849 | Elf:3    | HP: 14/185 [deep elf high priest/divine providence (13)]
 41412 | Elf:3    | Noticed a Brimstone Fiend
 41419 | Elf:3    | Reached skill level 15 in Fighting
 41693 | Elf:3    | Identified the +9 hunting sling of Bumocka {flame, rPois
                  | rN+ Int+4}
 41698 | Elf:3    | You add the spells Borgnjor's Revivification, Necromutation
                  | and Death's Door to your library.
 41713 | Elf:3    | You pick up a book of Displacement and begin reading...
 41713 | Elf:3    | You add the spells Lesser Beckoning, Gell's Gravitas and
                  | Teleport Other to your library.
 41743 | Elf:3    | Identified Wytaid's Papyrus of the Sinister Traveller
 41745 | Elf:3    | Identified the +1 pair of gloves of Distant Shores {rC-
                  | Str+3 Dex+2 SInv}
 41757 | Elf:3    | You pick up a book of the Hunter and begin reading...
 41757 | Elf:3    | You add the spells Call Canine Familiar and Portal
                  | Projectile to your library.
 41764 | Elf:3    | You pick up a book of Spatial Translocations and begin
                  | reading...
 41772 | Elf:3    | Learned a level 2 spell: Blink
 41835 | Elf:3    | Identified the +1 dagger "Hyda" {vorpal, rN+}
 41840 | Elf:3    | You pick up a book of Transfigurations {@e2} and begin
                  | reading...
 41855 | Elf:3    | You pick up a book of the Warp and begin reading...
 41855 | Elf:3    | You add the spells Dispersal and Disjunction to your
                  | library.
 42308 | D:12     | Reached XP level 20. HP: 151/151 MP: 33/33
 42340 | D:12     | Identified the +7 scimitar "Grim" {vorpal, rPois Int+5}
 42811 | D:12     | Identified a potion of experience
 42905 | D:12     | Reached skill level 16 in Fighting
 42905 | D:12     | Reached XP level 21. HP: 159/159 MP: 34/34
 43134 | D:13     | Acquired a +0 tower shield of resistance
 43167 | D:12     | You drop a +1 double sword of distortion {!wlongrare=g}.
 43875 | D:14     | Found a glowing silver altar of Zin.
 43877 | D:14     | Found a glowing golden altar of the Shining One.
 43878 | D:14     | Found a white marble altar of Elyvilon.
 43925 | D:14     | Found a gate to the Vaults.
 43931 | D:14     | Reached skill level 17 in Fighting
 43960 | D:14     | Found a gate leading to a gauntlet.
 43969 | Gauntlet | Entered a Gauntlet
 43969 | Gauntlet | Found a transporter.
 43969 | Gauntlet | Found a transporter.
 43980 | Gauntlet | Reached ***** piety under Ashenzari
 43986 | Gauntlet | Found a transporter.
 43991 | Gauntlet | Found a transporter.
 44004 | Gauntlet | Found a transporter.
 44005 | Gauntlet | Found a transporter.
 44014 | Gauntlet | Found a transporter.
 44035 | Gauntlet | Found a transporter.
 44040 | Gauntlet | Found a transporter.
 44044 | Gauntlet | Identified the ring "Wikhidoo" {*Slow Fly rElec Str+7}
 44045 | Gauntlet | Found a transporter.
 44058 | Gauntlet | Found a transporter.
 44058 | Gauntlet | Found a transporter.
 44273 | Gauntlet | You pick up a book of Annihilations and begin reading...
 44273 | Gauntlet | You add the spells Chain Lightning, Fire Storm and Shatter
                  | to your library.
 44287 | Gauntlet | Learned a level 9 spell: Shatter
 44310 | Gauntlet | You pick up a book of the Tundra and begin reading...
 44310 | Gauntlet | You add the spells Hailstorm and Simulacrum to your
                  | library.
 45162 | D:15     | Entered Level 15 of the Dungeon
 45264 | D:15     | Reached skill level 1 in Translocations
 45293 | D:15     | Reached skill level 2 in Translocations
 45299 | D:15     | Reached skill level 3 in Translocations
 45313 | D:15     | Learned a level 5 spell: Manifold Assault
 45362 | D:15     | Found a staircase to the Depths.
 45532 | D:15     | Reached skill level 4 in Translocations
 45619 | D:15     | You pick up a book of Minor Magic and begin reading...
 45654 | D:15     | Reached skill level 5 in Translocations
 46113 | Vaults:1 | Entered Level 1 of the Vaults
 46283 | Vaults:1 | Reached skill level 6 in Translocations
 46328 | Vaults:1 | Reached skill level 7 in Translocations
 46498 | Vaults:1 | You pick up a book of the Hunter and begin reading...
 46658 | Vaults:1 | Noticed Saint Roka
 46688 | Vaults:1 | Killed Saint Roka
 46689 | Vaults:1 | Reached skill level 8 in Translocations
 47045 | Vaults:1 | Reached skill level 9 in Translocations
 47494 | Vaults:1 | Lost mutation: Potions are less effective at restoring your
                  | health. [potion of mutation]
 47494 | Vaults:1 | Lost mutation: You are partially covered in iridescent
                  | scales. (AC +2) [potion of mutation]
 47494 | Vaults:1 | Lost mutation: Your spells are a little easier to cast, but
                  | a little less powerful. [potion of mutation]
 47494 | Vaults:1 | Gained mutation: Potions are less effective at restoring
                  | your health. [potion of mutation]
 47494 | Vaults:1 | Gained mutation: Your natural rate of healing is unusually
                  | fast. [potion of mutation]
 47583 | Vaults:1 | Reached skill level 10 in Translocations
 47585 | Vaults:1 | Reached XP level 22. HP: 116/171 MP: 35/35
 48168 | Vaults:2 | Found a portal to a secret trove of treasure.
 48186 | Vaults:2 | This trove needs a +7 demon whip to function. Give it the
                  | item?
 48186 | Vaults:2 | This trove needs a +7 demon whip to function. Give it the
                  | item?
 49029 | Vaults:2 | This trove needs a +7 demon whip to function. Give it the
                  | item?
 49029 | Vaults:2 | You paid a toll of a +7 demon whip to enter a treasure
                  | trove
 49030 | Trove    | Entered a treasure trove
 49036 | Trove    | Identified the Tome of Harmful Malediction
 49037 | Trove    | Identified Asmodeus's Grimoire of the Volcanoes and
                  | Summoning
 49040 | Trove    | Identified Easy Theurgy
 49045 | Trove    | You add the spells Tukima's Dance, Passage of Golubria and
                  | Yara's Violent Unravelling to your library.
 49067 | Trove    | You pick up a book of the Moon and begin reading...
 49067 | Trove    | You add the spells Silence and Lehudib's Crystal Spear to
                  | your library.
 49073 | Trove    | You pick up a book of Changes and begin reading...
 49073 | Trove    | You add the spells Beastly Appendage and Wereblood to your
                  | library.
 49076 | Trove    | Identified Sif Muna's Handbook of Dislocated Transmutation
 49089 | Trove    | You pick up a book of Misfortune and begin reading...
 49092 | Trove    | You add the spells Static Discharge and Dazzling Flash to
                  | your library.
 49095 | Trove    | You add the spells Sticky Flame, Starburst, Monstrous
                  | Menagerie, Summon Hydra and Dragon's Call to your library.
 49608 | Vaults:2 | You pick up a book of Sloth and begin reading...
 49620 | Vaults:2 | Identified Sif Muna's Papyrus of Necromancy
 49667 | Vaults:2 | Reached skill level 11 in Translocations
 49740 | Vaults:2 | Found a staircase to the Crypt.
 49945 | Vaults:2 | Reached skill level 12 in Translocations
 50342 | Vaults:2 | Noticed Frederick
 50351 | Vaults:2 | Killed Frederick
 50361 | Vaults:2 | Reached skill level 13 in Translocations
 50607 | Vaults:2 | Reached skill level 14 in Translocations
 50819 | Vaults:3 | Identified +0 pearl dragon scales
 50827 | Vaults:3 | r - +0 pearl dragon scales {rare=g}
 51204 | Vaults:3 | Reached skill level 15 in Translocations
 51269 | Vaults:3 | Identified the +0 buckler of Dawn {Int+2}
 51959 | Vaults:3 | Found Quqai's Distillery.
 52040 | Vaults:4 | Reached skill level 12 in Dodging
 52141 | Vaults:3 | You drop +0 pearl dragon scales {rare=g}.
 52226 | Vaults:4 | Reached XP level 23. HP: 170/176 MP: 17/36
 52234 | Vaults:4 | Reached skill level 13 in Dodging
 52350 | Vaults:4 | Found the +7 mace of Variability {chain chaos}
 52397 | Vaults:4 | Noticed an ancient lich
 52457 | Vaults:4 | Killed an ancient lich
 52955 | Vaults:4 | Reached skill level 14 in Dodging
 53334 | Vaults:4 | Acquired 591 gold pieces
 53682 | Vaults:5 | Entered Level 5 of the Vaults
 53757 | Vaults:5 | Noticed a golden dragon
 53763 | Vaults:5 | Killed a golden dragon
 53764 | Vaults:5 | Reached skill level 16 in Shields
 53770 | Vaults:5 | Noticed a golden dragon
 53844 | Vaults:4 | Killed a golden dragon
 53844 | Vaults:4 | Identified +0 gold dragon scales
 54030 | Vaults:4 | Reached skill level 17 in Shields
 54129 | Vaults:5 | HP: 45/228 [deep troll[an ironbound preserver] (19)]
 54132 | Vaults:4 | HP: 11/228 [deep troll[an ironbound preserver] (16)]
 54132 | Vaults:4 | Slain by a deep troll

Vanquished Creatures
  An ancient lich (Vaults:4)
  Frederick (Vaults:2)
  Saint Roka (Vaults:1)
  2 golden dragons
  Jorgrun (Orc:2)
  A tentacled monstrosity (Vaults:5)
  Mlioglotl (Snake:1)
  3 deep elf blademasters (Elf:3)
  A titan (Vaults:4)
  A deep elf master archer (Elf:3)
  Gastronok (D:8)
  3 sphinxes
  Frances (Swamp:2)
  4 tengu reavers
  A thorn hunter (Swamp:4)
  Donald (Snake:1)
  2 shadow dragons
  11 nagarajas
  An azure jelly (IceCv)
  An iron dragon (Elf:1)
  12 vault wardens
  9 deep elf sorcerers
  2 orc warlords
  2 fire giants (Vaults:4)
  4 frost giants
  Louise (Elf:1)
  Aizul (Snake:1)
  A quicksilver ooze (IceCv)
  4 deep elf elementalists
  7 very ugly things
  18 ironbound preservers
  2 war gargoyles
  2 ghouls (Swamp:4)
  3 stone giants
  5 ironbound thunderhulks
  A vampire knight (Vaults:2)
  8 deep elf demonologists
  4 eleionomae
  Nessos (Lair:5)
  4 entropy weavers
  A minotaur (Gauntlet)
  8 deep elf annihilators (Elf:3)
  5 bunyips
  A dire elephant (Gauntlet)
  7 ettins
  3 fire dragons
  3 crystal guardians
  2 deep elf death magi
  8 deep elf high priests
  9 yaktaur captains
  5 great orbs of eyes
  3 shambling mangroves
  Erolcha (Orc:2)
  2 ice dragons
  4 ogre magi
  2 ironbound frosthearts (Vaults:1)
  2 peacekeepers
  3 ghost crabs
  23 hydras
  5 salamander tyrants
  29 vault guards
  5 boulder beetles
  2 catoblepae
  7 two-headed ogres (D:15)
  5 centaur warriors
  A jorogumo (shapeshifter) (Vaults:4)
  The ghost of Taurus the Cleaver, a novice MiFi of Yredelemnul (Lair:2)
  11 naga warriors
  29 dancing weapons
  7 alligators
  A deep troll shaman (Lair:6)
  A death knight (Vaults:2)
  9 anacondas
  Erica (Lair:1)
  6 death yaks (Lair:6)
  4 tengu warriors
  2 shock serpents
  An orc high priest (Elf:3)
  3 spriggan berserkers (Swamp:4)
  11 naga sharpshooters
  Sonja (Lair:5)
  28 deep elf knights
  A fire crab (Lair:3)
  4 salamander mystics
  A fire crab (shapeshifter) (Elf:3)
  4 goliath frogs
  4 sixfirhies (Gauntlet)
  33 deep trolls
  4 naga ritualists
  2 sea snakes (Snake:1)
  5 spriggan druids
  10 swamp dragons
  A glowing orange brain (Gauntlet)
  19 deep elf archers
  2 obsidian statues
  5 bog bodies
  2 phantasmal warriors
  4 orc knights (Vaults:2)
  26 ironbound convokers
  16 lindwurms
  9 necromancers
  6 wizards
  2 orc sorcerers
  A wolf spider (shapeshifter) (D:15)
  2 wolf spiders
  2 will-o-the-wisps
  4 mana vipers
  39 deep elf pyromancers
  17 deep elf zephyrmancers
  8 manticores
  25 ugly things
  7 cyclopes
  6 salamanders
  A salamander (shapeshifter) (Elf:3)
  An elephant (shapeshifter) (Vaults:1)
  An apocalypse crab (Gauntlet)
  31 black mambas
  An elf zombie (Vaults:4)
  A sphinx skeleton (Vaults:4)
  14 vault sentinels
  4 ice statues
  Maurice (D:8)
  2 guardian serpents
  7 elephants
  16 naga magi
  7 cane toads
  2 torpor snails (Lair:6)
  Maggie (D:6)
  2 unseen horrors
  21 yaktaurs
  4 kobold demonologists
  8 rime drakes
  A yaktaur zombie (Vaults:1)
  A komodo dragon (shapeshifter) (D:14)
  A freezing wraith (Vaults:5)
  6 komodo dragons
  3 tengu conjurers (D:13)
  An efreet (D:14)
  7 trolls
  2 entropy weaver simulacra (IceCv)
  A polar bear (Lair:6)
  6 meliai
  6 tyrant leeches
  16 blink frogs
  11 hornets
  A human simulacrum (Vaults:1)
  29 slime creatures
  5 dream sheep (Lair:5)
  A stone giant simulacrum (Vaults:1)
  A flying skull (Vaults:2)
  Sigmund (D:2)
  3 air elementals
  2 vampires
  6 water elementals
  13 spriggans
  2 shadows
  An ettin skeleton (Vaults:1)
  59 yaks
  3 wyverns
  A yak (shapeshifter) (D:14)
  5 wraiths
  2 elf skeletons
  Menkaure (D:5)
  A steam dragon (D:7)
  A basilisk (Lair:1)
  5 redbacks
  18 vampire mosquitoes
  38 nagas
  2 wargs (Orc:1)
  13 swamp worms
  An acid dragon (D:10)
  5 demonic crawler simulacra (IceCv)
  A glowing shapeshifter skeleton (Vaults:1)
  An ogre skeleton (Vaults:1)
  33 water moccasins
  14 swamp drakes
  34 orc warriors
  5 black bears
  An ugly thing simulacrum (IceCv)
  2 sky beasts (D:7)
  An ettin simulacrum (Vaults:4)
  8 ogres
  4 boggarts (Vaults:1)
  18 centaurs
  29 wolves
  A human skeleton (Vaults:2)
  3 human zombies
  6 kobold brigands
  3 scorpions
  11 bullfrogs
  A gnoll sergeant (D:9)
  3 necrophages
  5 glowing shapeshifter simulacra
  3 earth elementals (Elf:1)
  3 wights (D:10)
  9 killer bees (D:8)
  5 electric eels
  3 howler monkeys
  3 lava snakes (Lair:2)
  2 gnoll shamans
  3 jellies
  16 orc priests
  3 hounds
  Jessica (D:2)
  5 iguanas
  20 orc wizards
  4 hell rats (Lair:1)
  4 mummies
  7 adders
  12 gnolls
  2 ufetubi
  2 adder zombies (Ossuary)
  5 dart slugs
  65 orcs
  4 ball pythons
  5 endoplasms
  2 giant cockroaches (D:1)
  A gnoll zombie (Ossuary)
  A goblin (D:4)
  5 hobgoblins
  2 jackals (D:1)
  3 quokkas
  3 bats
  6 frilled lizards
  2 goblin zombies (Ossuary)
  2 hobgoblin zombies (Ossuary)
  17 kobolds
  3 kobold zombies (Ossuary)
  An orc zombie (Ossuary)
  5 quokka zombies (Ossuary)
  7 rats
  2 rat zombies (Ossuary)
  3 briar patches (Swamp:4)
1505 creatures vanquished.

Vanquished Creatures (collateral kills)
  A hydra (Swamp:4)
  A goliath frog (Swamp:1)
  A swamp dragon (Swamp:4)
  2 tyrant leeches (Swamp:1)
  A swamp worm (Swamp:1)
6 creatures vanquished.

Vanquished Creatures (others)
  2 deep elf knights (Elf:2)
  An entropy weaver simulacrum (IceCv)
  2 bloated husks (Swamp:4)
  2 hornets (Swamp:4)
  A water elemental (Elf:1)
  A naga (Snake:2)
  A water moccasin (Lair:3)
  A glowing shapeshifter skeleton (Vaults:4)
  A centaur (Orc:2)
  A howler monkey (D:12)
  5 orcs
  A briar patch (Swamp:4)
  2 demonic plants (Gauntlet)
  10 foxfires
  13 fungi
  49 plants
93 creatures vanquished.

Grand Total: 1604 creatures vanquished

Table legend:
 A = Non-vault XP
 B = Vault XP
 C = Vault XP percentage of total XP
 D = Non-vault monster count
 E = Vault monster count
 F = Vault count percentage of total count
                 A         B        C        D         E       F
            +---------+---------+-------+---------+---------+-------
      Total |  373491 |  341354 |  47.8 |     931 |     584 |  38.5
            +---------+---------+-------+---------+---------+-------
        D:1 |      38 |       0 |   0.0 |      20 |       0 |   0.0
        D:2 |      15 |     268 |  94.7 |       9 |       2 |  18.2
        D:3 |      68 |      12 |  15.0 |      17 |       8 |  32.0
        D:4 |      99 |       0 |   0.0 |       9 |       0 |   0.0
        D:5 |     589 |     498 |  45.8 |      17 |       6 |  26.1
        D:6 |     652 |     425 |  39.5 |      22 |       2 |   8.3
        D:7 |    1171 |       0 |   0.0 |      13 |       0 |   0.0
        D:8 |     926 |    1972 |  68.0 |      21 |       2 |   8.7
        D:9 |    3084 |     811 |  20.8 |      23 |       1 |   4.2
       D:10 |    1556 |       0 |   0.0 |      16 |       0 |   0.0
       D:11 |    6812 |       0 |   0.0 |      30 |       0 |   0.0
       D:12 |    6563 |    2043 |  23.7 |      35 |       3 |   7.9
       D:13 |   10226 |       0 |   0.0 |      24 |       0 |   0.0
       D:14 |    7827 |    1257 |  13.8 |      15 |       6 |  28.6
       D:15 |   21207 |    1778 |   7.7 |      40 |       2 |   4.8
     Lair:1 |    2771 |    3149 |  53.2 |      10 |      19 |  65.5
     Lair:2 |    7065 |    4291 |  37.8 |      28 |      15 |  34.9
     Lair:3 |    1668 |    6203 |  78.8 |       7 |      27 |  79.4
     Lair:4 |    2206 |     440 |  16.6 |      13 |       4 |  23.5
     Lair:5 |    5963 |    1568 |  20.8 |      25 |       2 |   7.4
     Lair:6 |    7228 |   13042 |  64.3 |      27 |      30 |  52.6
    Swamp:1 |   13047 |       0 |   0.0 |      26 |       0 |   0.0
    Swamp:2 |   11341 |    4427 |  28.1 |      25 |       4 |  13.8
    Swamp:3 |   11149 |       0 |   0.0 |      19 |       0 |   0.0
    Swamp:4 |   14138 |   21812 |  60.7 |      26 |      35 |  57.4
    Snake:1 |   10973 |    5028 |  31.4 |      19 |       4 |  17.4
    Snake:2 |   21741 |       0 |   0.0 |      38 |       0 |   0.0
    Snake:3 |    9023 |       0 |   0.0 |      21 |       0 |   0.0
    Snake:4 |   16450 |   25272 |  60.6 |      31 |      41 |  56.9
      Orc:1 |    1881 |       0 |   0.0 |      17 |       0 |   0.0
      Orc:2 |    1655 |    6374 |  79.4 |      11 |      39 |  78.0
      Elf:1 |   24667 |   16674 |  40.3 |      40 |      31 |  43.7
      Elf:2 |   19352 |   20590 |  51.5 |      30 |      27 |  47.4
      Elf:3 |   23375 |   34857 |  59.9 |      41 |      31 |  43.1
   Vaults:1 |   24464 |   28011 |  53.4 |      45 |      45 |  50.0
   Vaults:2 |   24951 |   33468 |  57.3 |      36 |      45 |  55.6
   Vaults:3 |   17754 |   14970 |  45.7 |      27 |      17 |  38.6
   Vaults:4 |   30722 |   38604 |  55.7 |      48 |      35 |  42.2
   Vaults:5 |    8818 |   37142 |  80.8 |       9 |      40 |  81.6
    Ossuary |       0 |      83 | 100.0 |       0 |      21 | 100.0
      IceCv |     256 |    5503 |  95.6 |       1 |      18 |  94.7
   Gauntlet |       0 |   10782 | 100.0 |       0 |      22 | 100.0
            +---------+---------+-------+---------+---------+-------

Illustrated notes

Table legend:
 A = Kills in this place as a percentage of kills in entire the game.
 B = Kills by you in this place as a percentage of kills by you in the entire game.
 C = Kills by friends in this place as a percentage of kills by friends in the entire game.
 D = Other kills in this place as a percentage of other kills in the entire game.
 E = Experience gained in this place as a percentage of experience gained in the entire game.
 F = Experience gained in this place divided by the number of levels of this place that you have seen.
                   A       B       C       D       E      F
               +-------+-------+-------+-------+-------+----------------------
         Total | 100.0 | 100.0 | 100.0 | 100.0 | 100.0 | 15885.4
       Dungeon |  22.6 |  22.8 |   0.0 |   0.0 |   9.8 | 4659.8
          Lair |  13.7 |  13.7 |   0.0 |  14.3 |   7.8 | 9265.7
         Swamp |   8.9 |   8.5 | 100.0 |  14.3 |  10.6 | 18978.5
     Snake Pit |  10.2 |  10.2 |   0.0 |  14.3 |  12.4 | 22121.8
  Orcish Mines |   4.4 |   4.4 |   0.0 |  14.3 |   1.4 | 4955.0
   Elven Halls |  13.2 |  13.2 |   0.0 |  28.6 |  19.5 | 46505.0
        Vaults |  22.9 |  23.0 |   0.0 |  14.3 |  36.2 | 51780.8
       Ossuary |   1.4 |   1.4 |   0.0 |   0.0 |   0.0 |  83.0
      Ice Cave |   1.3 |   1.3 |   0.0 |   0.0 |   0.8 | 5759.0
      Gauntlet |   1.5 |   1.5 |   0.0 |   0.0 |   1.5 | 10782.0
               +-------+-------+-------+-------+-------+----------------------

Table legend: (Time is in decaauts)
 A = Elapsed time spent in this place.
 B = Non-inter-level travel time spent in this place.
 C = Inter-level travel time spent in this place.
 D = Time resting spent in this place.
 E = Time spent auto-exploring this place.
 F = Levels seen in this place.
 G = Mean time per level.
                   A        B        C        D        E       F      G
               +--------+--------+--------+--------+--------+-----+--------+
         Total |  63824 |  59427 |   4397 |  13415 |  31923 |  45 | 1418.3 |
       Dungeon |  19586 |  18207 |   1379 |   2295 |  12959 |  15 | 1305.7 |
        Temple |     40 |     15 |     25 |      0 |     10 |   1 |   40.0 |
          Lair |  11332 |  10668 |    664 |   2721 |   6375 |   6 | 1888.7 |
         Swamp |   5011 |   4863 |    148 |   1767 |   1549 |   4 | 1252.8 |
     Snake Pit |   6828 |   6427 |    401 |   1981 |   2624 |   4 | 1707.0 |
  Orcish Mines |   2843 |   2284 |    559 |    341 |   1287 |   2 | 1421.5 |
   Elven Halls |   7200 |   6585 |    615 |   2120 |   2142 |   3 | 2400.0 |
        Vaults |   8604 |   8001 |    603 |   1272 |   4519 |   5 | 1720.8 |
        Bazaar |    155 |    155 |      0 |      0 |     46 |   1 |  155.0 |
         Trove |     76 |     76 |      0 |      0 |      0 |   1 |   76.0 |
       Ossuary |    407 |    407 |      0 |    216 |     90 |   1 |  407.0 |
      Ice Cave |   1099 |   1099 |      0 |    700 |    100 |   1 | 1099.0 |
      Gauntlet |    638 |    638 |      0 |      0 |    220 |   1 |  638.0 |
               +--------+--------+--------+--------+--------+-----+--------+

Top non-repeatable levels by time:
  Lair:2: 3441 daAuts
Vaults:1: 2765 daAuts
   Elf:2: 2633 daAuts
Vaults:4: 2623 daAuts
 Snake:4: 2614 daAuts
   Elf:1: 2380 daAuts
    D:12: 2289 daAuts
   Elf:3: 2187 daAuts
 Snake:1: 2025 daAuts
  Lair:1: 1856 daAuts
   Orc:2: 1827 daAuts
     D:7: 1817 daAuts
  Lair:6: 1796 daAuts
 Swamp:4: 1729 daAuts
  Lair:3: 1700 daAuts
